 Dungeon Crawl Stone Soup version 0.31.0-12-g77e489cdc1 (webtiles) character file.

Game seed: 3813990850239521205

49 lordive the Ruffian (level 3, -3/26 HPs)
             Began as a Demonspawn Shapeshifter on Feb 29, 2024.
             Killed by divine providence
             ... invoked by an orc priest
              (10 damage)
             ... on level 2 of the Dungeon.
             The game lasted 00:01:29 (1309 turns).

lordive the Ruffian (Demonspawn Shapeshifter)       Turns: 1309, Time: 00:01:29

Health: -3/26      AC:  2    Str: 14    XL:     3   Next: 51%
Magic:  3/3        EV: 12    Int: 12    God:
Gold:   43         SH:  0    Dex: 18    Spells: 2/2 levels left

rFire   . .          .
                       - Unarmed
rCold   . . .        (no shield)
rNeg    . . .        a - +0 animal skin
rPois   .            (helmet currently unavailable)
rElec   .            (cloak currently unavailable)
rCorr   +            (gloves currently unavailable)
SInv    .            (boots currently unavailable)
Will    .....        (no amulet)
Stlth   ++           f - +6 ring of dexterity
HPRegen 0.24/turn    k - ring of resist corrosion
MPRegen 0.08/turn

%: no passive effects
@: beast-form
A: beast (slay +1), horns 2
a: Begin Untransformation


You were on level 2 of the Dungeon.
You were a hulking beast.
You visited 1 branch of the dungeon, and saw 2 of its levels.

You collected 43 gold pieces.

Inventory:

Armour
 a - a +0 animal skin (worn)
Jewellery
 f - a +6 ring of dexterity (left hand)
 k - a ring of resist corrosion (right hand)
 m - a +6 ring of strength
Talismans
 c - a beast talisman
 d - a flux talisman
Scrolls
 j - a scroll of teleportation {unknown}
Potions
 b - 2 potions of lignification
 e - a potion of degeneration {unknown}
 g - 4 potions of heal wounds {unknown}
 h - a potion of might {unknown}
 i - a potion of enlightenment {unknown}
 l - a potion of cancellation {unknown}


   Skills:
 + Level 1.0 Fighting
 + Level 2.0 Dodging
 + Level 3.4 Unarmed Combat
 + Level 3.2 Shapeshifting


You had 2 spell levels left.
You didn't know any spells.
Your spell library contained the following spells:

 Spells                   Type           Power      Damage    Failure   Level
 Iskenderun's Battlesphe  Conj           0%         2d6       100%        5
 Bombard                  Conj/Erth      0%         9d1       100%        6
 Spellforged Servitor     Conj/Summ      0%         N/A       100%        7


Dungeon Overview and Level Annotations

Branches:
Dungeon (2/15)

Altars:


Innate Abilities, Weirdness & Mutations

You are a hulking beast.
Your limbs bulge with bestial killing power. (Slay +1)
You have a pair of horns on your head.


Message History

The adder is severely wounded.
You hear a shout!
The adder misses you.
You completely miss the adder. You headbutt the adder.
You kill the adder!
The orc priest mumbles some strange prayers to Beogh against you.
Beogh smites you!
Ouch! That really hurt!
You are too injured to fight recklessly!
You are too injured to fight recklessly!
You are too injured to fight recklessly!
You are too injured to fight recklessly!
You are too injured to fight recklessly!
You are too injured to fight recklessly!
You are too injured to fight recklessly!
You are too injured to fight recklessly!
You are too injured to fight recklessly!
You are too injured to fight recklessly!
You are too injured to fight recklessly!
You are too injured to fight recklessly!
You are too injured to fight recklessly!
You are too injured to fight recklessly!
You are too injured to fight recklessly!
You are too injured to fight recklessly!
You are too injured to fight recklessly!
Unknown command.
A dart slug comes into view.
Things that are here:
a staff of death; a hobgoblin corpse The orc attacks as it pursues you!
The orc barely misses you. The orc attacks as it pursues you!
The orc misses you. The orc attacks as it pursues you!
The orc hits you with a +0 whip.
* * * LOW HITPOINT WARNING * * *
The orc closely misses you. The orc attacks as it pursues you!
The orc closely misses you.
The orc priest casts a cantrip, but nothing happens.
A ball python comes into view.
The orc priest mumbles some strange prayers to Beogh against you.
Beogh smites you!
You die...

#############....#
....^....o|...#
......†..####o#
.........#
#.#######
......##.#
#.......# #####.
#.# #.#####.# .#
o. #.# #o# #.# #.#
...##.####.# #)#
#.# w.........h.#
#.# #.# ...
..#.##########.#
##.##
........####...##
.................
######..####...##
#...........
#.#####...## #.
##.## #. ###


You could see an orc priest and an orc.

Vanquished Creatures
  An adder (D:2)
  5 ball pythons (D:1)
  5 endoplasms
  3 giant cockroaches (D:1)
  2 goblins
  4 hobgoblins
  3 kobolds
  2 quokkas
  A bat (D:1)
  3 frilled lizards
  7 rats (D:1)
36 creatures vanquished.

Notes
Turn   | Place    | Note
-------+----------+-------------------------------------------
     0 | D:1      | lordive the Demonspawn Shapeshifter began the quest for the
                  | Orb.
     0 | D:1      | Reached XP level 1. HP: 15/15 MP: 1/1
    96 | D:1      | Gained mutation: You have a pair of small horns on your
                  | head. [demonic ancestry]
    96 | D:1      | Reached XP level 2. HP: 21/21 MP: 2/2
   740 | D:1      | Gained mutation: You have a pair of horns on your head.
                  | [demonic ancestry]
   740 | D:1      | Reached XP level 3. HP: 11/26 MP: 3/3
  1309 | D:2      | Killed from afar by an orc priest

Illustrated notes

Levels and vault maps discovered:
D:1:      wheals_arrival_shading, layout_basic
D:2:      layout_loops_ring, minmay_tetromino_l4, uniq_jessica, uniq_natasha

Skill      XL: |  1  2 |
---------------+-------+-----
Unarmed Combat | 3 |  3.4
Shapeshifting  | 3 |  3.2
Dodging        | 2 |  2.0
Fighting       | |  1.0

Action                     || total
---------------------------++-------
  Melee: Unarmed           ||    89
         Headbutt          ||     8
         Punch             ||     2
   Stab: Sleeping          ||     2
 Armour: Animal skin       ||    45
  Dodge: Dodged            ||    57
